 Dungeon Sprint DCSS version 0.30-a0-55-g90e3122c3a (webtiles) character file.

Game seed: 862142601451251274

441 Conn the Arsonist (level 7, 0/42 HPs)
             Began as an Octopode Fire Elementalist on Sept 9, 2022.
             Was an Initiate of Sif Muna.
             Succumbed to a water moccasin's poison
             ... in the Dungeon (Sprint II: "The Violet Keep of Menkaure").
             The game lasted 00:02:13 (82 turns).

Conn the Arsonist (Octopode Fire Elementalist)        Turns: 82, Time: 00:02:14

Health: 0/42       AC:  1    Str:  7    XL:     7   Next: 2%
Magic:  4/15       EV: 14    Int: 20    God:    Sif Muna [......]
Gold:   243        SH:  0    Dex: 12    Spells: 4/17 levels left

rFire   . . .      SeeInvis .    (no weapon)
rCold   . . .      Faith    .    (no shield)
rNeg    . . .      Spirit   .    (helmet restricted)
rPois   .          Reflect  .    (no amulet)
rElec   .          Harm     .    (no ring)
rCorr   .          Rampage  .    (no ring)
Will    .....      NoTele   +    (no ring)
Stlth   ++++......               (no ring)
HPRegen 0.14/turn                (no ring)
MPRegen 0.14/turn                (no ring)
                                 (no ring)
                                 (no ring)

@: lethally poisoned (0 -> -3)
A: almost no armour, amphibious, 8 rings, camouflage 1, gelatinous body 1,
(nimble swimmer 1), tentacles
a: Renounce Religion


You were in the Dungeon.
You worshipped Sif Muna.
Sif Muna was noncommittal.
You visited 1 branch You collected 243 gold pieces.

Inventory:

Scrolls
 f - a scroll of blinking
Potions
 a - 3 potions of magic


   Skills:
 + Level 0.3 Fighting
 + Level 5.4 Dodging
 + Level 6.5 Stealth
 - Level 0.5 Unarmed Combat
 + Level 5.9 Spellcasting
 * Level 5.4 Conjurations
 + Level 10.4 Fire Magic


You had 4 spell levels left.
You knew the following spells:

 Your Spells              Type           Power      Damage    Failure   Level
a - Foxfire               Conj/Fire      100%       2x1d9     1%          1
b - Conjure Flame         Conj/Fire      37%        6-21      1%          3
c - Inner Flame           Hex/Fire       26%        N/A       3%          3
d - Flame Wave            Conj/Fire      37%        2d10      4%          4
e - Scorch                Fire           94%        2d10      1%          2

Your spell library contained the following spells:

 Spells                   Type           Power      Damage    Failure   Level


Dungeon Overview and Level Annotations

Branches:
Dungeon (1/1)

Altars:
Cheibriados
Dithmenos
Elyvilon
Fedhas
Gozag
Hepliaklqana
Kikubaaqudgha
Makhleb
Nemelex Xobeh
Okawaru
Qazlal
Ru
Sif Muna
Trog
Uskayaw
Vehumet
Wu Jian
Xom
Yredelemnul
Zin
The Shining One
Jiyva
Lugonu

Annotations:
D Menkaure


Innate Abilities, Weirdness & Mutations

You cannot wear most types of armour.
You are amphibious.
You can wear up to eight rings at the same time.
Your skin changes colour to match your surroundings (Stealth+).
Your rubbery body absorbs attacks. (AC +1, EV +1)
((You are camouflaged when in or above water. (Stealth+)))
You have tentacles for arms and can constrict up to eight enemies at once.


Message History

A wave of flame ripples out!
The flame wave engulfs the water moccasin!
You kill the water moccasin!
Sif Muna accepts your kill.
You finish channelling waves of flame.
* * * LOW HITPOINT WARNING * * *
You feel sick.
You hear an angry hiss.
Your Conjurations skill increases to level 5!
Your Fire Magic skill increases to level 10!
You have reached level 7!
Okay, then.
Unknown command.
Unknown command.
* * * LOW HITPOINT WARNING * * *
You feel sick.
* * * LOW HITPOINT WARNING * * *
You feel sick.
You see here a water moccasin corpse.
Okay, then.
Unknown command.
Unknown command.
Blink to where?
Press: ? - help, Dir - move target
Okay, then.
Unknown command.
Unknown command.
Unknown command.
* * * LOW HITPOINT WARNING * * *
You feel sick.
Blink to where?
Press: ? - help, Dir - move target You can't see that place. [some shallow water.]
Okay, then.
Unknown command.
Unknown command.
Unknown command.
Unknown command.
You die...

# +.### )▓?[??$!!)▓▓ #
.^.# #▓"$[$?!$(▓▓ ##
#..# #▓!!()!??(▓▓ .#
+.^# #▓?$)$?$)[▓▓ .#
#..# #▓??[$($)(▓▓
.####..####▓?$):$[)!▓▓
...###...##▓▓▓▓▓▓▓+▓▓▓▓+
.....~~~~§~§~§§§§§...X≈≈
.....~#'########@###.≈≈
~~~..~#.._._.M.#§§~#
~~~~.~#._._._..#§~S≈#
§~~~~~#_._._._.#~~~~≈#
§≈§~§~#._._._._#~§~≈≈≈#
≈≈≈≈≈~#.._._._.#~§~~~≈+
§###≈≈#..._._._#~§§§≈~#
#≈≈#...._._.#~~§§§≈▓
#≈≈#....._._#§§§


You could see a kraken, a water moccasin and Menkaure.

Vanquished Creatures
  3 water moccasins (D)
  4 scorpions (D)
7 creatures vanquished.

Vanquished Creatures (others)
  6 foxfires (D)
6 creatures vanquished.

Grand Total: 13 creatures vanquished

Notes
Turn   | Place    | Note
-------+----------+-------------------------------------------
     0 | D        | Conn the Octopode Fire Elementalist began the quest for the
                  | Orb.
     0 | D        | Reached XP level 1. HP: 11/11 MP: 3/3
     1 | D        | Noticed a scorpion
     1 | D        | Noticed a scorpion
     5 | D        | Killed a scorpion
     6 | D        | Reached skill level 6 in Fire Magic
     6 | D        | Reached XP level 2. HP: 17/17 MP: 3/6
     6 | D        | Reached XP level 3. HP: 21/21 MP: 4/8
     6 | D        | Reached XP level 4. HP: 27/27 MP: 4/9
     8 | D        | Killed a scorpion
     9 | D        | Reached skill level 7 in Fire Magic
    10 | D        | Noticed a scorpion
    10 | D        | Noticed a scorpion
    13 | D        | Killed a scorpion
    14 | D        | Reached skill level 5 in Stealth
    14 | D        | Reached skill level 8 in Fire Magic
    14 | D        | Reached XP level 5. HP: 8/31 MP: 4/12
    23 | D        | Reached skill level 5 in Spellcasting
    23 | D        | Reached XP level 6. HP: 15/36 MP: 5/13
    29 | D        | Learned a level 2 spell: Scorch
    33 | D        | Learned a level 3 spell: Conjure Flame
    37 | D        | Learned a level 3 spell: Inner Flame
    42 | D        | Learned a level 4 spell: Flame Wave
    44 | D        | Noticed a water moccasin
    47 | D        | Killed a water moccasin
    48 | D        | Reached skill level 9 in Fire Magic
    50 | D        | Found a hazy altar of Hepliaklqana.
    50 | D        | Found a snail-covered altar of Cheibriados.
    51 | D        | Found a stormy altar of Qazlal.
    51 | D        | Found a viscous altar of Jiyva.
    51 | D        | Found a shadowy altar of Dithmenos.
    52 | D        | Found a sacrificial altar of Ru.
    52 | D        | Found an ancient bone altar of Kikubaaqudgha.
    52 | D        | Found a white marble altar of Elyvilon.
    53 | D        | Found an ornate altar of the Wu Jian Council.
    53 | D        | Found a shimmering blue altar of Sif Muna.
    53 | D        | Found a corrupted altar of Lugonu.
    54 | D        | Found a shimmering altar of Xom.
    54 | D        | Found a bloodstained altar of Trog.
    54 | D        | Found a burning altar of Makhleb.
    55 | D        | Found a glowing golden altar of the Shining One.
    55 | D        | Found a basalt altar of Yredelemnul.
    55 | D        | Found a hide-covered altar of Uskayaw.
    55 | D        | Noticed Menkaure
    56 | D        | Found a glowing silver altar of Zin.
    56 | D        | Found a radiant altar of Vehumet.
    56 | D        | Found a blossoming altar of Fedhas.
    56 | D        | Found a sparkling altar of Nemelex Xobeh.
    57 | D        | Found an opulent altar of Gozag.
    57 | D        | Found an iron altar of Okawaru.
    59 | D        | Noticed a water moccasin
    60 | D        | Noticed a water moccasin
    61 | D        | Became a worshipper of Sif Muna the Loreminder
    73 | D        | Noticed a water moccasin
    73 | D        | Noticed a kraken
    77 | D        | Killed a water moccasin
    78 | D        | Reached skill level 5 in Dodging
    78 | D        | Killed a water moccasin
    79 | D        | Reached skill level 5 in Conjurations
    79 | D        | Reached skill level 10 in Fire Magic
    79 | D        | Reached XP level 7. HP: 4/42 MP: 4/15
    80 | D        | HP: 1/42 [poisoned by a water moccasin]
    82 | D        | Succumbed to a water moccasin's poison

Illustrated notes

Levels and vault maps discovered:
D:        the_violet_keep_of_menkaure [sprint2_stairs_cluster_1,
          sprint2_shoproom, sprint2_temple, sprint2_basic_supplies,
          sprint2_obstacle_6, sprint2_obstacle_3, sprint2_obstacle_5,
          sprint2_obstacle_1, sprint2_obstacle_2, sprint2_timed_cluster_1,
          sprint2_smallroom_cluster_1, sprint2_smallroom_final_cluster_1,
          sprint2_transparent_cluster_1, sprint2_second_timed_cluster_1,
          sprint2_sniper_area_1, sprint2_heavy_combat_area_1,
          sprint2_mutation_trap_area_1, sprint2_forest_area_1,
          sprint2_light_combat_area_1, sprint2_behind_water_1,
          sprint2_near_end_vault_1]

Skill      XL: |  1  2  3  4  5  6 |
---------------+-------------------+-----
Dodging        | 3 4 5 |  5.4
Stealth        | 4 5 6 |  6.5
Spellcasting   | 3 4 5 |  5.9
Fire Magic     | 6 8 10 | 10.4
Conjurations   | 3 4 5 |  5.4
Fighting       | |  0.3
Unarmed Combat | |  0.5

Action                   |  1- 3 |  4- 6 |  7- 9 || total
-------------------------+-------+-------+-------++-------
Melee: Unarmed           |     2 |    11 |       ||    13
       Tentacles         |     1 |     4 |       ||     5
       Constrict         |       |     3 |       ||     3
 Cast: Foxfire           |       |     3 |       ||     3
       Flame Wave        |       |     1 |       ||     1
  Use: Potion            |     2 |     2 |       ||     4
Dodge: Dodged            |     2 |     9 |       ||    11

Table legend: (Time is in decaauts)
 A = Elapsed time spent in this place.
 B = Non-inter-level travel time spent in this place.
 C = Inter-level travel time spent in this place.
 D = Time resting spent in this place.
 E = Time spent auto-exploring this place.
 F = Levels seen in this place.
 G = Mean time per level.
                   A        B        C        D        E       F      G
               +--------+--------+--------+--------+--------+-----+--------+
         Total |     80 |     80 |      0 |      0 |      0 |   1 |   80.0 |
       Dungeon |     80 |     80 |      0 |      0 |      0 |   1 |   80.0 |
               +--------+--------+--------+--------+--------+-----+--------+

Top non-repeatable levels by time:
       D: 80 daAuts
